 Dungeon Crawl Stone Soup version 0.30-a0-782-ge64f9170bb (webtiles) character file.

Game seed: 12662994739581630832

1453 Lavandula the Cudgeller (level 9, -2/63 HPs)
             Began as a Human Monk on Feb 20, 2023.
             Slain by a jelly (3 damage)
             ... on level 6 of the Dungeon.
             The game lasted 00:07:19 (4733 turns).

Lavandula the Cudgeller (Human Monk)                Turns: 4733, Time: 00:07:19

Health: -2/63      AC: -3    Str: 14    XL:     9   Next: 5%
Magic:  9/9        EV:  5    Int: 16    God:
Gold:   202        SH:  0    Dex: 15    Spells: 8/8 levels left

rFire   . . .      SeeInvis .    i - +6 mace of the Magic Mushroom {freeze, Int+5}
rCold   . . .      Faith    .    (no shield)
rNeg    . . .      Spirit   .    n - +0 plate armour
rPois   +          Reflect  .    (no helmet)
rElec   .          Harm     .    u - +1 cloak
rCorr   .          Rampage  .    f - +0 pair of gloves
Will    .....                    (no boots) Stlth
                                 (no amulet)
HPRegen 0.00/turn                q - +4 ring of protection
MPRegen 0.11/turn                x - ring of poison resistance

@: corroded, inhibited regen, unable to read
A: fangs 1, inhibited regeneration, weak 1, inability to read after injury 1,
MP-powered wands
a: no special abilities


You were on level 6 of the Dungeon.
You visited 2 branches of the dungeon, and saw 7 of its levels.

You collected 266 gold pieces.
You spent 64 gold pieces at shops.

Inventory:

Hand Weapons
 a - a +0 falchion
 i - the +6 mace of the Magic Mushroom (weapon) {freeze, Int+5}
   (You found it on level 2 of the Dungeon)

   Int:       It affects your intelligence (+5).
 t - a +1 dagger of venom
Missiles
 m - 4 poisoned darts (quivered)
Armour
 b - a +0 robe
 f - a +0 pair of gloves (worn)
 n - a +0 plate armour (worn)
 u - a +1 cloak (worn)
Jewellery
 e - the ring "Kyppelou" {Fire rPois rN+++ Str-3 Stlth-}
   (You acquired it on level 3 of the Dungeon)

   [ring of fire]

   It enhances your fire magic.
   Str:       It affects your strength (-3).
   rF:        It protects you from fire.
   rC:        It makes you vulnerable to cold.
   rPois:     It protects you from poison.
   rN:        It renders you almost immune to negative energy.
   Stlth:     It makes you less stealthy.
 q - a +4 ring of protection (left hand)
 x - a ring of poison resistance (right hand)
Scrolls
 h - a scroll of vulnerability
 j - a scroll of enchant weapon {unknown}
 k - a scroll of magic mapping {unknown}
 o - a scroll of silence {unknown}
 p - a scroll of enchant armour {unknown}
Potions
 c - a potion of ambrosia
 d - a potion of brilliance
 g - a potion of invisibility
 l - a potion of flight
 s - a potion of attraction
 v - a potion of might
 w - a potion of haste


   Skills:
 - Level 3.0 Fighting
 - Level 4.5 Long Blades
 - Level 7.6 Maces & Flails
 + Level 6.1 Armour
 - Level 3.0 Dodging
 - Level 2.0 Stealth


You had 8 spell levels left.
You didn't know any spells.
Your spell library contained the following spells:

 Spells                   Type           Power      Damage    Failure   Level
 Magic Dart               Conj           0%         1d3       100%        1
 Call Imp                 Summ           0%         N/A       100%        2
 Ensorcelled Hibernation  Hex/Ice        0%         N/A       100%        2
 Passwall                 Tmut/Erth      0%         N/A       100%        2
 Mephitic Cloud           Conj/Pois/Air  0%         N/A       100%        3
 Swiftness                Air            0%         N/A       100%        3
 Anguish                  Hex/Necr       0%         N/A       100%        4
 Enfeeble                 Hex            0%         N/A       100%        7


Dungeon Overview and Level Annotations

Branches:
Dungeon (6/15)             Temple (1/1) D:4

Altars:
Ashenzari
Cheibriados
Gozag
Hepliaklqana
Kikubaaqudgha
Makhleb
Okawaru
Qazlal
Ru
Uskayaw
Vehumet
Xom

Shops:
D:3 *   D:4 *

Annotations:
D:2 Terence
D:5 1 runed translucent door, Tianax89's ghost, novice DsBe


Innate Abilities, Weirdness & Mutations

You have very sharp teeth.
You do not regenerate when monsters are visible.
You are weak. (Str -2)
You occasionally lose the ability to read scrolls when taking damage.
You expend magic power (3 MP) to strengthen your wands.


Message History

Unknown command.
You hit the jelly. You freeze the jelly.
Your hands burn!
* * * LOW HITPOINT WARNING * * *
The jelly is severely wounded.
The jelly hits you but does no damage.
You hit the jelly. You freeze the jelly. The acid corrodes you!
Your hands burn!
* * * LOW HITPOINT WARNING * * *
The jelly is severely wounded.
The jelly hits you but does no damage.
You hit the jelly but do no damage.
Your hands burn!
* * * LOW HITPOINT WARNING * * *
The jelly is severely wounded.
The jelly barely misses you.
You hit the jelly but do no damage.
Your hands burn!
* * * LOW HITPOINT WARNING * * *
Your bite misses the jelly.
The jelly is severely wounded.
The jelly hits you but does no damage.
You feel much better. The jelly hits you. The acid corrodes you!
You are splashed with acid!
* * * LOW HITPOINT WARNING * * *
You feel much better. The jelly hits you.
You are splashed with acid!
You feel threatened and lose the ability to read scrolls!
Okay, then.
You aren't carrying any items that you can evoke.
Unknown command.
Unknown command.
The jelly attacks as you move away! The jelly hits you.
You are splashed with acid!
* * * LOW HITPOINT WARNING * * *
The jelly attacks as you move away! The jelly hits you.
* * * LOW HITPOINT WARNING * * *
The acid corrodes you!
You are splashed with acid!
* * * LOW HITPOINT WARNING * * *
You hit the jelly but do no damage.
Your hands burn!
* * * LOW HITPOINT WARNING * * *
The jelly is severely wounded.
The jelly barely misses you. The jelly hits you.
You die...

#........#....#
#........#....#
######..###..#....######
.....#..###..####......#
...#...))...... #.....=#
...#...)).......#...[..#
...#<....########......#
...#.....#......J......#
...#.....#......@......#
...#.....#.......#######
...#.....#.......#
...#.....#.......#
...##+####.......#
.................#
..................
≈≈≈≈..≈≈≈≈.._..≈≈≈
..................


You could see a jelly.

Vanquished Creatures
  Prince Ribbit (D:5)
  Sigmund (D:4)
  An ice beast (D:5)
  A phantom (D:5)
  2 necrophages
  3 scorpions
  A howler monkey (D:4)
  A jelly (D:6)
  3 hounds
  2 orc priests (D:5)
  4 iguanas
  4 orc wizards
  6 adders
  3 gnolls (D:4)
  3 worms
  3 dart slugs
  18 orcs
  6 ball pythons
  4 bats (D:1)
  6 endoplasms
  7 giant cockroaches
  6 goblins
  8 hobgoblins
  8 jackals
  8 kobolds
  3 quokkas
  2 frilled lizards
  6 rats
121 creatures vanquished.

Vanquished Creatures (others)
  2 plants (D:2)
2 creatures vanquished.

Grand Total: 123 creatures vanquished

Notes
Turn   | Place    | Note
-------+----------+-------------------------------------------
     0 | D:1      | Lavandula the Human Monk began the quest for the Orb.
     0 | D:1      | Reached XP level 1. HP: 18/18 MP: 1/1
   148 | D:1      | Reached XP level 2. HP: 17/24 MP: 2/2
   199 | D:1      | Reached XP level 3. HP: 18/29 MP: 3/3
   285 | D:1      | Found a faded altar of an unknown god.
  1022 | D:2      | Identified the +6 mace of the Magic Mushroom {freeze,
                  | Int+5}
  1041 | D:2      | Reached XP level 4. HP: 19/35 MP: 4/4
  1146 | D:2      | Noticed Terence
  1178 | D:2      | Reached skill level 1 in Maces & Flails
  1873 | D:3      | Found Aleor's General Store.
  1896 | D:3      | Found a shimmering altar of Xom.
  1897 | D:3      | Found a hazy altar of Hepliaklqana.
  1898 | D:3      | Noticed a spectral ugly thing
  2009 | D:3      | Gained mutation: You occasionally lose the ability to read
                  | scrolls when taking damage. [potion of mutation]
  2009 | D:3      | Gained mutation: You have very sharp teeth. [potion of
                  | mutation]
  2009 | D:3      | Gained mutation: You have hidden genetic defects. [potion
                  | of mutation]
  2009 | D:3      | Gained mutation: You expend magic power (3 MP) to
                  | strengthen your wands. [potion of mutation]
  2050 | D:3      | Identified a scroll of acquirement
  2052 | D:3      | Acquired the ring "Kyppelou" {Fire rPois rN+++ Str-3
                  | Stlth-}
  2059 | D:3      | Noticed a scorpion
  2071 | D:3      | Killed a scorpion
  2072 | D:3      | Reached skill level 3 in Maces & Flails
  2072 | D:3      | Reached XP level 5. HP: 15/41 MP: 5/5
  2076 | D:3      | Gained mutation: You do not regenerate when monsters are
                  | visible. [hidden defects]
  2081 | D:3      | HP: 2/41 [poisoned by a scorpion]
  2408 | D:3      | Identified the +2 dagger "Jelall" {venom, Fragile Will+
                  | Dex+6}
  2588 | D:4      | Gained mutation: You are weak. (Str -2) [hidden defects]
  2588 | D:4      | Lost mutation: You have hidden genetic defects. [hidden
                  | defects expressed]
  2590 | D:4      | Reached XP level 6. HP: 24/47 MP: 6/6
  2595 | D:4      | Reached skill level 4 in Maces & Flails
  2788 | D:4      | Found Tesy's Assorted Antiques.
  2797 | D:4      | Reached skill level 5 in Maces & Flails
  2810 | D:4      | Reached XP level 7. HP: 22/52 MP: 7/7
  2948 | D:4      | Bought a scroll labelled UMYL KODOO for 32 gold pieces
  2948 | D:4      | Bought a scroll labelled PAUX KOGAMYE for 32 gold pieces
  2967 | D:4      | Found a staircase to the Ecumenical Temple.
  3018 | Temple   | Entered the Ecumenical Temple
  3121 | D:4      | Found an opulent altar of Gozag.
  3192 | D:4      | Noticed Sigmund
  3194 | D:4      | Reached skill level 6 in Maces & Flails
  3202 | D:4      | Killed Sigmund
  3311 | D:4      | Found a radiant altar of Vehumet.
  3414 | D:4      | Found a sacrificial altar of Ru.
  3557 | D:5      | Entered Level 5 of the Dungeon
  3597 | D:5      | Found an ancient bone altar of Kikubaaqudgha.
  3604 | D:5      | Reached skill level 7 in Maces & Flails
  3710 | D:5      | Reached XP level 8. HP: 32/58 MP: 8/8
  3824 | D:5      | Reached skill level 1 in Armour
  3903 | D:5      | Found a runed translucent door.
  3904 | D:5      | Noticed Tianax89's ghost (novice DsBe)
  4018 | D:5      | Noticed Prince Ribbit
  4028 | D:5      | Killed Prince Ribbit
  4240 | D:5      | Found a burning altar of Makhleb.
  4298 | D:5      | Found a broken altar of Ashenzari.
  4301 | D:5      | Found a hide-covered altar of Uskayaw.
  4462 | D:5      | Found a stormy altar of Qazlal.
  4536 | D:6      | Reached skill level 5 in Armour
  4568 | D:6      | Found an iron altar of Okawaru.
  4586 | D:6      | Reached XP level 9. HP: 57/63 MP: 9/9
  4728 | D:6      | HP: 1/63 [acid (4)]
  4733 | D:6      | HP: 1/63 [acid (4)]
  4733 | D:6      | Slain by a jelly

Illustrated notes

Levels and vault maps discovered:
D:1:      nagdon_arrival_zigzag_paths, layout_basic,
          chequers_ecumenical_altar_simple
D:2:      layout_loops_ring, serial_forest, infiniplex_forest_clump_small,
          infiniplex_forest_corner_1, infiniplex_forest_join,
          infiniplex_forest_lined_4_way, infiniplex_forest_zigzag_1,
          infiniplex_forest_corner_1, infiniplex_forest_end_1, uniq_terence
D:3:      layout_rooms, regret_index_temple_of_mockery, serial_shops,
          nicolae_shop_window_shopping
D:4:      layout_cave_pools, nicolae_overflow_hidden_temple,
          nicolae_ru_awakened_eye, overflow_temple_1_default,
          minmay_temple_entry_water_ring, serial_shops, shop, minivault_19,
          chequers_garden, moated_statue, uniq_sigmund
D:5:      layout_cave_pools, kennysheep_mini_moat, kiku_gazebo_pond_becter,
          nicolae_overflow_squiral, mainiacjoe_overflow_alcove_4,
          gammafunk_ghost_grave, minmay_misc_feat_alley, uniq_prince_ribbit1
D:6:      layout_gridville, mainiacjoe_overflow_boulevard, uniq_duvessa
Temple:   ebering_the_one_and_only

Skill      XL: |  1  2  3  4  5  6  7  8  9 |
---------------+----------------------------+-----
Long Blades    | 4 |  4.5
Maces & Flails | 3 5 7 |  7.6
Armour         | 5 6 |  6.1
Fighting       | |  3.0
Dodging        | |  3.0
Stealth        | |  2.0

Action                     |  1- 3 |  4- 6 |  7- 9 || total
---------------------------+-------+-------+-------++-------
  Melee: Falchion          |   109 |       |       ||   109
         Mace              |     7 |    93 |   163 ||   263
         Bite              |       |     5 |    21 ||    26
    Use: Scroll            |       |     7 |     5 ||    12
         Potion            |       |     1 |     2 ||     3
   Stab: Sleeping          |     3 |     3 |       ||     6
         Distracted        |       |     1 |       ||     1
 Armour: Robe              |    35 |     5 |       ||    40
         Plate armour      |       |    50 |   133 ||   183
  Dodge: Dodged            |   112 |    28 |    24 ||   164

Table legend: (Time is in decaauts)
 A = Elapsed time spent in this place.
 B = Non-inter-level travel time spent in this place.
 C = Inter-level travel time spent in this place.
 D = Time resting spent in this place.
 E = Time spent auto-exploring this place.
 F = Levels seen in this place.
 G = Mean time per level.
                   A        B        C        D        E       F      G
               +--------+--------+--------+--------+--------+-----+--------+
         Total |   4775 |   4537 |    238 |    504 |   3141 |   7 |  682.1 |
       Dungeon |   4731 |   4493 |    238 |    504 |   3103 |   6 |  788.5 |
        Temple |     43 |     43 |      0 |      0 |     38 |   1 |   43.0 |
               +--------+--------+--------+--------+--------+-----+--------+

Top non-repeatable levels by time:
     D:4: 995 daAuts
     D:5: 975 daAuts
     D:2: 951 daAuts
     D:1: 939 daAuts
     D:3: 665 daAuts
     D:6: 203 daAuts
  Temple: 43 daAuts
